 Seeded DCSS version 0.30.1-8-g117510f58f (webtiles) character file.

Game seed: 6351066067085065685 (custom seed)

926 Esekla the Thaumaturge (level 7, -5/36 HPs)
             Began as a Deep Elf Wanderer on Sept 23, 2023.
             Was a Believer of Vehumet.
             Slain by Pikel
             ... wielding a +1 whip of flaming
              (12 damage)
             ... on level 6 of the Dungeon on Sept 24, 2023.
             The game lasted 00:30:00 (4596 turns).

Esekla the Thaumaturge (Deep Elf Wanderer)          Turns: 4596, Time: 00:30:00

Health: -5/36      AC:  4    Str: 11    XL:     7   Next: 85%
Magic:  10/21      EV: 12    Int: 20    God:    Vehumet [**....]
Gold:   325        SH:  4    Dex: 14    Spells: 13/23 levels left

rFire   . . .        s - +5 rapier of the Hero {heavy, rN+ Dex+3}
rCold   . . .        d - +0 buckler
rNeg    + . .        c - +0 robe
rPois   .            l - +0 helmet
rElec   .            (no cloak)
rCorr   .            k - +0 pair of gloves
SInv    .            (no boots)
Will    .....        z - amulet of magic regeneration
Stlth   ++           (no ring)
HPRegen 0.26/turn    (no ring)
MPRegen 0.57/turn

%: no passive effects
@: no status effects
A: no striking features
a: Renounce Religion


You were on level 6 of the Dungeon.
You worshipped Vehumet.
Vehumet was pleased with you.
You visited 1 branch of the dungeon, and saw 6 of its levels.

You collected 325 gold pieces.

Inventory:

Hand Weapons
 a - a +2 vampiric dagger
 r - a +0 trident
 s - the +5 rapier of the Hero (weapon) {heavy, rN+ Dex+3}
   (You found it on level 3 of the Dungeon)

   Dex:       It affects your dexterity (+3).
   rN:        It protects you from negative energy.
Missiles
 v - 8 poisoned darts (quivered)
Armour
 c - a +0 robe (worn)
 d - a +0 buckler (worn)
 k - a +0 pair of gloves (worn)
 l - a +0 helmet (worn)
Jewellery
 z - an amulet of magic regeneration (around neck)
Wands
 i - a wand of roots (16)
 A - a wand of flame (15)
Scrolls
 g - 6 scrolls of identify {unknown}
 n - a scroll of enchant armour {unknown}
 o - 2 scrolls of amnesia {unknown}
 p - a scroll of immolation {unknown}
 q - 2 scrolls of blinking {unknown}
 t - 2 scrolls of fog {unknown}
 x - a scroll of silence {unknown}
 y - a scroll of magic mapping {unknown}
 B - 2 scrolls of fear
 C - 3 scrolls of enchant weapon {unknown}
 D - a scroll of summoning {unknown}
 E - a scroll of teleportation {unknown}
Potions
 b - 2 potions of lignification
 e - 2 potions of ambrosia {unknown}
 f - 3 potions of attraction {unknown}
 h - a potion of heal wounds {unknown}
 j - 5 potions of curing {unknown}
 m - a potion of mutation {unknown}
 u - 3 potions of brilliance {unknown}
 w - a potion of haste {unknown}


   Skills:
 + Level 2.0 Short Blades
 + Level 1.0 Throwing
 * Level 3.7 Dodging
 + Level 2.3 Stealth
 + Level 1.9 Shields
 * Level 8.9 Spellcasting
 + Level 1.9 Conjurations
 + Level 3.2 Necromancy
 + Level 3.9 Translocations
 + Level 1.0 Invocations


You had 13 spell levels left.
You knew the following spells:

 Your Spells              Type           Power      Damage    Failure   Level
a - Magic Dart            Conj           64%        1d6       5%          1
b - Blink                 Tloc           48%        N/A       3%          2
d - Vampiric Draining     Necr           21%        2d7       9%          3
n - Ignite Poison         Fire/Tmut/Pois 8%         N/A       34%         3
p - Apportation           Tloc           48%        N/A       2%          1

Your spell library contained the following spells:

 Spells                   Type           Power      Damage    Failure   Level
 Static Discharge         Conj/Air       24%        2-3/arc   12%         2
 Lesser Beckoning         Tloc           48%        N/A       3%          2
 Gell's Gravitas          Tloc           24%        N/A       7%          3
 Teleport Other           Tloc           24%        N/A       7%          3
 Spider Form              Tmut/Pois      8%         N/A       34%         3
 Cause Fear               Hex            4%         N/A       75%         4
 Summon Mana Viper        Hex/Summ       8%         N/A       97%         5


Dungeon Overview and Level Annotations

Branches:
Dungeon (6/15)             Temple (0/1) D:6

Altars:
Dithmenos
Hepliaklqana
Okawaru
Qazlal
Trog
Vehumet
Zin
The Shining One

Shops:
D:2 =   D:4 (

Annotations:
D:2 black bear
D:6 Pikel


Message History

Pikel is moderately wounded.
Pikel zaps a wand.
The roots erupt in riotous growth!
The grasping roots grab you!
Pikel is unaffected.
The grasping roots constrict you!
Pikel hits you with a +1 whip of flaming!
Pikel burns you. The grasping roots constrict you.
Casting: Vampiric Draining (dangerous; 9% risk of failure)
Confirm with . or Enter, or press ? or * to list all spells.
Aiming: Vampiric Draining (dangerous; 9% risk of failure)
Press: ? - help, Shift-Dir - straight line, f/p - Pikel
Aim: Pikel, wielding a +1 whip of flaming, wearing a +0 robe and carrying a wand of roots (5) (moderately wounded)
You draw life force from Pikel.
You feel life coursing into your body. Pikel closely misses you.
The grasping roots constrict you.
Casting: Vampiric Draining (dangerous; 9% risk of failure)
Confirm with . or Enter, or press ? or * to list all spells.
Aiming: Vampiric Draining (dangerous; 9% risk of failure)
Press: ? - help, Shift-Dir - straight line, f/p - Pikel
Aim: Pikel, wielding a +1 whip of flaming, wearing a +0 robe and carrying a wand of roots (5) (moderately wounded)
You draw life force from Pikel.
You feel life coursing into your body. You block Pikel's attack.
The grasping roots constrict you.
* * * LOW HITPOINT WARNING * * *
The grasping roots release their grip on you.
Casting: Vampiric Draining (dangerous; 9% risk of failure)
Confirm with . or Enter, or press ? or * to list all spells.
Aiming: Vampiric Draining (dangerous; 9% risk of failure)
Press: ? - help, Shift-Dir - straight line, f/p - Pikel
Aim: Pikel, wielding a +1 whip of flaming, wearing a +0 robe and carrying a wand of roots (5) (heavily wounded)
You draw life force from Pikel.
You feel life coursing into your body.
Pikel hits you with a +1 whip of flaming.
* * * LOW HITPOINT WARNING * * *
Pikel burns you.
* * * LOW HITPOINT WARNING * * *
Casting: Vampiric Draining (dangerous; 9% risk of failure)
Confirm with . or Enter, or press ? or * to list all spells.
Aiming: Vampiric Draining (dangerous; 9% risk of failure)
Press: ? - help, Shift-Dir - straight line, f/p - Pikel
Aim: Pikel, wielding a +1 whip of flaming, wearing a +0 robe and carrying a wand of roots (5) (heavily wounded)
You draw life force from Pikel!
You feel life coursing into your body.
Pikel hits you with a +1 whip of flaming!
You die...

################### ##
#.......@K555.....#####.#
#.##.##.#########.......5
#.##.##.# #.........
#.##.##.# #.#.#.#.#.
#.##.##.# #(........
#.......# #.#[......
####.#### #####.........
#.### #.....#...>...
#...# #......[......


You could see Pikel and 3 lemures.

Vanquished Creatures
  An ice beast (D:6)
  An ogre (D:5)
  2 scorpions (D:5)
  A gnoll bouda (D:4)
  5 hounds
  A sleepcap (D:5)
  5 iguanas
  12 gnolls
  8 adders
  3 white imps
  A worm (D:4)
  3 dart slugs
  11 orcs
  4 endoplasms
  8 goblins
  5 hobgoblins
  A quokka (D:1)
  6 ball pythons
  4 bats
  4 frilled lizards
  5 kobolds
  A rat (D:2)
92 creatures vanquished.

Notes
Turn   | Place    | Note
-------+----------+-------------------------------------------
     0 | D:1      | Esekla the Deep Elf Wanderer began the quest for the Orb.
     0 | D:1      | Esekla set off with the following items: a +0 club, a
                  | potion of lignification, a +0 robe, a +0 buckler; and the
                  | following spells available to memorise: Apportation, Blink,
                  | Lesser Beckoning, Magic Dart, Ignite Poison, Vampiric
                  | Draining.
     0 | D:1      | Reached XP level 1. HP: 10/10 MP: 7/7
     2 | D:1      | Learned a level 1 spell: Magic Dart
     4 | D:1      | Learned a level 1 spell: Apportation
   258 | D:2      | Found Renulab's Jewellery Shop.
   456 | D:4      | Found a radiant altar of Vehumet.
   465 | D:4      | Found an iron altar of Okawaru.
   477 | D:4      | Found a glowing silver altar of Zin.
   562 | D:4      | Became a worshipper of Vehumet
   744 | D:3      | Reached XP level 2. HP: 15/15 MP: 9/9
   747 | D:3      | Learned a level 2 spell: Blink
   777 | D:3      | Reached skill level 5 in Spellcasting
  1020 | D:3      | Identified the +5 rapier of the Hero {heavy, rN+ Dex+3}
                  | (You found it on level 3 of the Dungeon)
  1333 | D:3      | Reached XP level 3. HP: 19/19 MP: 12/12
  1337 | D:3      | Learned a level 3 spell: Ignite Poison
  1341 | D:3      | Learned a level 3 spell: Vampiric Draining
  1482 | D:3      | Found a hazy altar of Hepliaklqana.
  1484 | D:3      | Found a bloodstained altar of Trog.
  1515 | D:3      | Found a stormy altar of Qazlal.
  1537 | D:3      | Reached skill level 1 in Dodging
  1537 | D:3      | Reached XP level 4. HP: 22/24 MP: 9/13
  1676 | D:2      | Reached * piety under Vehumet
  1676 | D:2      | Offered knowledge of Freeze by Vehumet.
  1726 | D:2      | Noticed a black bear
  1767 | D:1      | Reached skill level 6 in Spellcasting
  2173 | D:2      | Reached skill level 1 in Conjurations
  2210 | D:2      | Reached skill level 1 in Necromancy
  2210 | D:2      | Reached XP level 5. HP: 25/28 MP: 8/15
  2210 | D:2      | Found a faded altar of an unknown god.
  2514 | D:4      | Found a glowing golden altar of the Shining One.
  2578 | D:4      | Reached skill level 1 in Short Blades
  2608 | D:4      | Reached skill level 7 in Spellcasting
  2773 | D:5      | Entered Level 5 of the Dungeon
  2777 | D:5      | Got the Parchment of the Lumpy Olives
  2797 | D:5      | Found a shadowy altar of Dithmenos.
  2856 | D:5      | Reached XP level 6. HP: 19/32 MP: 15/18
  3001 | D:5      | Offered knowledge of Static Discharge by Vehumet.
  3105 | D:5      | Reached ** piety under Vehumet
  3324 | D:4      | Found Ponaysk's Antique Weapon Boutique.
  3765 | D:5      | Reached XP level 7. HP: 7/36 MP: 13/20
  3910 | D:5      | Reached skill level 8 in Spellcasting
  4357 | D:6      | Reached skill level 1 in Throwing
  4487 | D:6      | Found a staircase to the Ecumenical Temple.
  4572 | D:6      | Noticed Pikel
  4595 | D:6      | HP: 1/36 [Pikel/+1 whip of flaming (3)]
  4596 | D:6      | Slain by Pikel

Illustrated notes

Levels and vault maps discovered:
D:1:      sevenhm_arrival_forest_fort_small_3, layout_rooms,
          chequers_serial_rivers_room_b, minmay_misc_feat_five
D:2:      layout_loops_ring, dreamdust_ecumenical_altar_angels_and_demons,
          serial_shops, shop
D:3:      layout_basic, grunt_temple_overflow_open, minmay_misc_feat_iff
D:4:      layout_basic, nicolae_overflow_quartered_altars, serial_shops,
          nicolae_diamond_shop
D:5:      layout_loops_ring, lemuel_doored_altar, minmay_misc_feat_rows,
          dreamdust_wishing_well
D:6:      layout_loops_cross, fedhas_altar_fruit_tree,
          minmay_temple_entry_glass, uniq_pikel, uniq_blork_the_orc

Skill      XL: |  1  2  3  4  5  6  7 |
---------------+----------------------+-----
Spellcasting   | 5 6 7 8 |  8.9
Dodging        | 1 3 |  3.7
Conjurations   | 1 |  1.9
Necromancy     | 1 2 3 |  3.2
Short Blades   | 1 2 |  2.0
Translocations | 3 |  3.9
Stealth        | 2 |  2.3
Throwing       | 1 |  1.0
Shields        | |  1.9
Invocations    | |  1.0

Action                     |  1- 3 |  4- 6 |  7- 9 || total
---------------------------+-------+-------+-------++-------
  Melee: Short sword       |    44 |    90 |       ||   134
         Rapier            |     9 |    29 |    35 ||    73
         Dagger            |       |    11 |       ||    11
  Throw: Dart              |       |     9 |    11 ||    20
   Cast: Apportation       |    26 |    27 |     5 ||    58
         Magic Dart        |    26 |    57 |    16 ||    99
         Vampiric Draining |     1 |    18 |    14 ||    33
         Blink             |       |     2 |     2 ||     4
    Use: Scroll            |     1 |       |       ||     1
   Stab: Sleeping          |     2 |     4 |     3 ||     9
 Armour: Robe              |    33 |    37 |     7 ||    77
  Dodge: Dodged            |    45 |    60 |    35 ||   140
  Block: Buckler           |    14 |    19 |    13 ||    46
